 Dungeon Crawl Stone Soup version 0.24-a0-615-g751f86b5a9 (webtiles) character file.

Game seed: 16497857959500804812, levelgen mode: deterministic

574 2BsUSBport the Poker (level 7, -1/41 HPs)
             Began as a Tengu Gladiator on Sept 13, 2019.
             Slain by Edmund
             ... wielding a +4 flail of draining
              (3 damage)
             ... on level 4 of the Dungeon.
             The game lasted 00:13:15 (3576 turns).

2BsUSBport the Poker (Tengu Gladiator)              Turns: 3576, Time: 00:13:17

Health: -1/41      AC:  4    Str: 15    XL:     7   Next: 35%
Magic:  8/8        EV: 13    Int:  8    God:
Gold:   172        SH:  0    Dex: 17    Spells: 6/6 levels left

rFire    . . .     SeeInvis .   a - +1 trident
rCold    . . .     Gourm    .   (no shield)
rNeg     . . .     Faith    .   b - +0 leather armour
rPois    .         Spirit   .   c - +0 hat
rElec    .         Reflect  .   (no cloak)
rCorr    .         Harm     .   j - +0 pair of gloves
MR       .....                  (boots unavailable)
Stlth    ++........             (no amulet)
HPRegen  0.13/turn              (no ring)
MPRegen  0.11/turn              (no ring)

@: lethally poisoned (-1 -> -8), heavily drained
A: beak, talons 3, able to fly
a: Fly


You were on level 4 of the Dungeon.
You were not hungry.

You visited 1 branch of the dungeon, and saw 4 of its levels.
You also visited: Ossuary.

You collected 172 gold pieces.

Inventory:

Hand Weapons
 a - a +1 trident (weapon)
Missiles
 d - 3 throwing nets (quivered)
Armour
 b - a +0 leather armour (worn)
 c - a +0 hat (worn)
 j - a +0 pair of gloves (worn)
Jewellery
 e - an uncursed ring of wizardry
 k - a +4 ring of intelligence {unknown}
 r - a +3 ring of protection {unknown}
Scrolls
 i - a scroll of remove curse
 l - 4 scrolls of teleportation
Potions
 g - 2 potions of brilliance {unknown}
 h - 2 potions of flight {unknown}
 m - 4 potions of curing {unknown}
 o - 2 potions of might {unknown}
 p - a potion of magic {unknown}
 q - 2 potions of heal wounds {unknown}
 s - a potion of berserk rage {unknown}
 t - a potion of degeneration {unknown}
 v - 2 potions of lignification {unknown}
Miscellaneous
 w - a phantom mirror
Comestibles
 f - 3 rations


   Skills:
 + Level 3.1(1.6) Fighting
 + Level 6.6(4.9) Polearms
 + Level 2.2(0.6) Throwing
 + Level 3.0(1.5) Armour
 + Level 4.5(2.9) Dodging
 + Level 2.1(0.6) Stealth


You had 6 spell levels left.
You didn't know any spells.
Your spell library was empty.

Dungeon Overview and Level Annotations

Branches:
Dungeon (4/15)            Ossuary (visited)
 Temple: D:4-7

Altars:
Sif Muna

Annotations:
D:4 Edmund


Innate Abilities, Weirdness & Mutations

You have a beak for a mouth.
You have claws for feet.
You can fly continuously.


Message History

* * * LOW HITPOINT WARNING * * *
You hit Edmund.
Edmund is heavily wounded.
The worker ant bites you.
* * * LOW HITPOINT WARNING * * *
You are lethally poisoned!
The worker ant poisons you! The howler monkey closely misses you.
A howler monkey skeleton comes into view.
Edmund hits you with a +4 flail of draining.
* * * LOW HITPOINT WARNING * * *
You feel drained.
* * * LOW HITPOINT WARNING * * *
The worker ant closely misses you.
You hit Edmund. You claw Edmund. You peck Edmund.
Edmund is severely wounded.
* * * LOW HITPOINT WARNING * * *
You feel sick. The howler monkey barely misses you.
The worker ant barely misses you. The howler monkey barely misses you.
Edmund hits you with a +4 flail of draining.
You die...

########## #........#
#........# #.(......#
#........##### ##
#.........8..# ..#
#.<..........# ..#
#.......8...8#
..#####....#....@@#
...........รท...8ahZ.....
.........#.#####........
.........#.# ####.....
......!..#.# .....
........ #.# ....
....>... #.# ... .#####
#.# ... # #.#


You could see Edmund, a howler monkey, a worker ant and a howler monkey
skeleton.

Vanquished Creatures
  An ogre (D:4)
  2 water moccasin zombies (Ossuary)
  A howler monkey (D:4)
  2 hounds (D:4)
  3 big kobold zombies (Ossuary)
  2 mummies (Ossuary)
  3 hound skeletons (D:4)
  5 adders
  8 adder zombies (Ossuary)
  2 worms
  2 dart slugs (D:2)
  2 leopard geckos
  An orc (D:3)
  4 giant cockroaches (D:2)
  A gnoll zombie (Ossuary)
  8 goblins
  5 hobgoblins
  2 jackals (D:3)
  11 kobolds
  A ball python (D:4)
  4 bats
  3 frilled lizards
  7 hobgoblin zombies (Ossuary)
  4 kobold zombies (Ossuary)
  4 orc zombies (Ossuary)
  7 rats
95 creatures vanquished.

Notes
Turn   | Place    | Note
-------+----------+-------------------------------------------
     0 | D:1      | 2BsUSBport the Tengu Gladiator began the quest for the Orb.
     0 | D:1      | Reached XP level 1. HP: 12/12 MP: 2/2
   589 | D:1      | Reached XP level 2. HP: 15/17 MP: 3/3
   880 | D:2      | Reached XP level 3. HP: 19/21 MP: 4/4
  1147 | D:2      | Reached skill level 4 in Polearms
  1247 | D:2      | Reached skill level 1 in Armour
  1255 | D:2      | Reached XP level 4. HP: 26/26 MP: 5/5
  2401 | D:3      | Found a shimmering blue altar of Sif Muna.
  2413 | D:4      | Noticed an ogre
  2418 | D:4      | Killed an ogre
  2418 | D:4      | Reached skill level 5 in Polearms
  2418 | D:4      | Reached skill level 1 in Stealth
  2418 | D:4      | Gained mutation: You can fly continuously. [Tengu growth]
  2418 | D:4      | Reached XP level 5. HP: 25/31 MP: 6/6
  2432 | D:4      | Reached XP level 6. HP: 25/36 MP: 7/7
  2804 | D:4      | Found a sand-covered staircase.
  2805 | D:4      | Noticed Edmund
  2820 | Ossuary  | Entered an ossuary
  2860 | Ossuary  | Reached skill level 6 in Polearms
  3156 | Ossuary  | Reached XP level 7. HP: 35/41 MP: 8/8
  3576 | D:4      | HP: 2/41 [poisoned by a worker ant]
  3576 | D:4      | Slain by Edmund

Levels and vault maps discovered:
D:1:      psy_arrival_basics, layout_basic, lemuel_another_geyser
D:2:      layout_basic, serial_glass, glass_columns_a, glass_columns_a
D:3:      layout_rooms, first_ration, lemuel_tele_altar
D:4:      layout_basic, minmay_temple_entry_junction,
          nicolae_ossuary_entry_monument, uniq_edmund

Skill      XL: |  1  2  3  4  5  6  7 |
---------------+----------------------+-----
Dodging        | 4 |  4.5
Polearms       | 4 5 6 |  6.6
Armour         | 1 2 3 |  3.0
Stealth        | 1 2 |  2.1
Fighting       | 3 |  3.1
Throwing       | |  2.2

Action                   |  1- 3 |  4- 6 |  7- 9 || total
-------------------------+-------+-------+-------++-------
Melee: Trident           |    67 |   156 |    70 ||   293
       Kick              |    15 |    40 |    24 ||    79
       Peck              |     3 |    22 |    13 ||    38
Throw: Throwing net      |       |     3 |       ||     3
  Use: Scroll            |     2 |     4 |     2 ||     8
 Stab: Sleeping          |     1 |     4 |     1 ||     6
       Distracted        |       |     1 |       ||     1
  Eat: Ration            |     1 |     1 |     1 ||     3
Armor: Leather armour    |     9 |    24 |     7 ||    40
Dodge: Dodged            |    35 |    68 |    32 ||   135

Table legend:
 A = Non-vault XP
 B = Vault XP
 C = Vault XP percentage of total XP
 D = Non-vault monster count
 E = Vault monster count
 F = Vault count percentage of total count
                 A         B        C        D         E       F
            +---------+---------+-------+---------+---------+-------
      Total |     482 |     339 |  41.3 |      64 |      31 |  32.6
            +---------+---------+-------+---------+---------+-------
        D:1 |      10 |       0 |   0.0 |       7 |       0 |   0.0
        D:2 |      96 |       0 |   0.0 |      29 |       0 |   0.0
        D:3 |      47 |       0 |   0.0 |      17 |       0 |   0.0
        D:4 |     329 |       0 |   0.0 |      11 |       0 |   0.0
    Ossuary |       0 |     339 | 100.0 |       0 |      31 | 100.0
            +---------+---------+-------+---------+---------+-------
